 Dungeon Crawl Stone Soup version 0.17-a0-877-ga10078a (webtiles) character file.

170 patman the Cutter (level 5, 6/38 HPs)
             Began as a Demonspawn Hunter on Apr 30, 2015.
             Quit the game on level 4 of the Dungeon.
             The game lasted 00:08:21 (4223 turns).

patman the Cutter (Demonspawn Hunter)               Turns: 4223, Time: 00:08:21

Health: 6/38       AC: 12    Str: 12    XL:     5   Next: 26%
Magic:  5/5        EV:  7    Int: 13    God:
Gold:   201        SH:  0    Dex: 14    Spells: 0 memorised, 4 levels left

rFire  . . .     SeeInvis .     a - +0 short sword
rCold  . . .     Clarity  .     h - +0 shadow dragon armour
rNeg   . . .     SustAb   .     (no shield)
rPois  .         Gourm    .     d - +2 hat
rElec  .         Spirit   .     (no cloak)
rCorr  .         Warding  .     (no gloves)
rMut   .         Stasis   .     (no boots)
MR     .....                    (no amulet)
Stlth  ++........               (no ring)
                                (no ring)

@: heavily drained, not resistant to hostile enchantments, unstealthy
A: repulsion field 1
a: no special abilities


You were on level 4 of the Dungeon.
You were not hungry.

You visited 1 branch of the dungeon, and saw 4 of its levels.

You collected 201 gold pieces.

Inventory:

Hand weapons
 a - a +0 short sword (weapon)
Missiles
 c - a throwing net (quivered)
Armour
 d - a +2 hat (worn)
 h - a +0 shadow dragon armour (worn)
 l - a +2 ring mail of poison resistance
Scrolls
 f - a scroll of identify
 g - 3 scrolls of remove curse {unknown}
Potions
 i - a potion of mutation {unknown}
 j - a potion of poison {unknown}
 k - a potion of beneficial mutation {unknown}
Comestibles
 e - a bread ration
 m - 3 chunks of flesh


   Skills:
 - Level 2.0(0.0) Fighting
 * Level 4.5(1.9) Short Blades
 - Level 3.6(1.0) Throwing
 - Level 1.7(0.0) Dodging
 - Level 0.8(0.0) Stealth


You had 4 spell levels left.
You didn't know any spells.

Dungeon Overview and Level Annotations

Branches:
Dungeon (4/15)
 Temple: D:4-7

Altars:
Nemelex Xobeh

Shops:
D:4 (

Annotations:
D:3 Grinder


Innate Abilities, Weirdness & Mutations

You are surrounded by a mild repulsion field (EV +2).


Message History

Throwing (i - inventory. (,) - cycle):
b - 3 javelins (quivered)
Press: ? - help, Shift-Dir - straight line, f/p - orc
Aim: an orc, wielding a whip and wearing a leather armour You throw a javelin.
The javelin closely misses the orc.
Throwing (i - inventory. (,) - cycle):
b - 2 javelins (quivered)
Press: ? - help, Shift-Dir - straight line, f/p - orc
Aim: an orc, wielding a whip and wearing a leather armour You throw a javelin.
The javelin barely misses the orc.
Throwing (i - inventory. (,) - cycle):
b - a javelin (quivered)
Press: ? - help, Shift-Dir - straight line, f/p - orc
Aim: an orc, wielding a whip and wearing a leather armour You throw a javelin.
The javelin hits the orc but does no damage. 2 orcs come into view.
Throwing (i - inventory):
c - 2 throwing nets (quivered)
Press: ? - help, Shift-Dir - straight line, f/p - orc
Aim: an orc, wielding a whip and wearing a leather armour You throw a throwing net.
The throwing net barely misses the orc.
The orc shouts!
Are you sure you want to abandon this character and quit the game? (Confirm with "yes".)

#..#...................#
#.........(.........#....
#...#.....o.o.......##....
#...#.....(........## ...
... #...##....(........#
.. ....
##..##....(..†.....# .....
#..####.%.o.)....#
........ #...#
###.....#..# .........
#...#
###.@#...o...........
#<..# #### .....(........
#...# .#........... #...#
............ #....#
#........... #..?.#
#......<.). #....#
##......... #....#
##........ #.....
##.......


You could see 3 orcs.

Vanquished Creatures
  An orc wizard (D:3)
  A worker ant (D:4)
  4 adders
  2 worms
  3 giant geckos
  8 orcs (D:4)
  3 bats
  8 giant cockroaches
  11 goblins
  11 hobgoblins
  4 kobolds
  5 giant newts
  A quokka (D:4)
  A quokka skeleton (D:4)
  10 rats
73 creatures vanquished.

Notes
Turn   | Place    | Note
--------------------------------------------------------------
     0 | D:1      | patman, the Demonspawn Hunter, began the quest for the Orb.
     0 | D:1      | Reached XP level 1. HP: 16/16 MP: 1/1
   139 | D:1      | Reached skill level 1 in Short Blades
   293 | D:1      | Gained mutation: You are surrounded by a mild repulsion field (EV +2). [demonic ancestry]
   293 | D:1      | Reached XP level 2. HP: 22/22 MP: 2/2
   735 | D:2      | HP: 1/22 [poisoned by an adder]
  1040 | D:2      | Reached XP level 3. HP: 27/27 MP: 3/3
  1108 | D:2      | Found a sparkling altar of Nemelex Xobeh.
  2161 | D:3      | Reached XP level 4. HP: 24/33 MP: 4/4
  3202 | D:3      | Noticed Grinder
  3260 | D:4      | Noticed an ogre
  3276 | D:3      | Reached skill level 4 in Short Blades
  3610 | D:4      | Found Wyblett's Antique Weapon Boutique.
  4029 | D:4      | Reached XP level 5. HP: 38/38 MP: 5/5
  4223 | D:4      | Quit the game

Action                   |  1- 3 |  4- 6 || total
-------------------------+-------+-------++-------
Melee: Short sword       |   192 |   194 ||   386
Throw: Javelin           |    14 |     8 ||    22
       Throwing net      |       |     1 ||     1
  Use: Scroll            |       |     2 ||     2
 Stab: Sleeping          |       |     2 ||     2
  Eat: Chunk             |     4 |     2 ||     6
       Bread ration      |       |     1 ||     1
